 Dungeon Crawl Stone Soup version 0.30-a0-347-gf58ed5266c (webtiles) character file.

Game seed: 1848911725444649192

95 RascalDebosk the Magician (level 4, -1/31 HPs)
             Began as a Djinni Fire Elementalist on Nov 5, 2022.
             Slain by a gnoll
             ... wielding a +0 spear
              (9 damage)
             ... on level 3 of the Dungeon on Nov 6, 2022.
             The game lasted 00:29:39 (2376 turns).

RascalDebosk the Magician (DjFE)                    Turns: 2376, Time: 00:29:39

Health: -1/31      AC:  2    Str:  7    XL:     4   Next: 95%
Gold:   76         EV: 12    Int: 18    God:
                   SH:  0    Dex: 14

rFire   + + +      SeeInvis .    s - +2 dagger (venom)
rCold   x . .      Faith    .    (no shield)
rNeg    . . .      Spirit   .    g - +0 robe
rPois   ∞          Reflect  .    (no helmet)
rElec   .          Harm     .    (no cloak)
rCorr   .          Rampage  .    (no gloves)
Will    +....                    (boots unavailable)
Stlth   ++........               (no amulet)
HPRegen 0.25/turn                c - ring of willpower
MPRegen 0.00/turn                k - ring of protection from fire

@: flying
A: sickness immunity, fire resistance 2, cold vulnerability 1, float, innate
caster, HP casting, extra vitality 1
a: no special abilities


You were on level 3 of the Dungeon.
You visited 1 branch of the dungeon, and saw 3 of its levels.

You collected 76 gold pieces.

Inventory:

Hand Weapons
 i - a +1 short sword of flaming
 s - a +2 dagger of venom (weapon)
Armour
 a - a +0 robe
 g - a +0 robe (worn)
Jewellery
 c - a ring of willpower (left hand)
 k - a ring of protection from fire (right hand)
Wands
 t - a wand of digging (6)
Scrolls
 b - 3 scrolls of teleportation {unknown}
 d - 2 scrolls of identify {unknown}
 f - 2 scrolls of vulnerability {unknown}
 j - a scroll of poison {unknown}
 l - a scroll of fog {unknown}
 m - 2 scrolls of amnesia {unknown}
 o - a scroll of blinking {unknown}
 p - 2 scrolls of enchant armour {unknown}
 q - a scroll of immolation {unknown}
Potions
 e - a potion of haste {unknown}
 h - 3 potions of ambrosia {unknown}
 n - a potion of curing {unknown}
 r - a potion of lignification {unknown}
 u - a potion of might {unknown}
 v - a potion of degeneration {unknown}
 w - a potion of cancellation {unknown}


   Skills:
 - Level 2.1 Dodging
 - Level 1.5 Stealth
 * Level 4.1 Spellcasting


You couldn't memorise any spells.
You knew the following spells:

 Your Spells              Type           Power      Damage    Failure   Level
a - Foxfire               Conj/Fire      72%        2x1d7     2%          1
b - Scorch                Fire           36%        2d7       4%          2
c - Kindle Blastsparks    Fire/Tloc/Air  36%        2d13      9%          3
d - Inner Flame           Hex/Fire       18%        N/A       9%          3
e - Flame Wave            Conj/Fire      18%        2d7       26%         4
f - Shock                 Conj/Air       72%        1d7       2%          1
Your spell library was empty.

Dungeon Overview and Level Annotations

Branches:
Dungeon (3/15)

Altars:


Innate Abilities, Weirdness & Mutations

You are immune to sickness and miasma.
You are immune to poison.
Your flesh is very heat resistant. (rF++)
You are vulnerable to cold. (rC-)
You float through the air rather than walking.
You learn spells naturally, not from books.
Your magical power is your life essence.
You have superior vitality. (+4 MHP)


Message History

The slug dart misses you.
Casting: Shock (safe; 2% risk of failure)
Confirm with . or Enter, or press ? or * to list all spells.
Aiming: Shock (safe; 2% risk of failure)
Press: ? - help, Shift-Dir - straight line, f/p - dart slug
Aim: a dart slug (moderately wounded, 100% to hit)
The zap hits the dart slug.
The dart slug is heavily wounded.
Casting: Shock (safe; 2% risk of failure)
Confirm with . or Enter, or press ? or * to list all spells.
Aiming: Shock (safe; 2% risk of failure)
Press: ? - help, Shift-Dir - straight line, f/p - dart slug
Aim: a dart slug (heavily wounded, 100% to hit)
The zap hits the dart slug.
The dart slug is severely wounded.
Casting: Shock (safe; 2% risk of failure)
Confirm with . or Enter, or press ? or * to list all spells.
Aiming: Shock (safe; 2% risk of failure)
Press: ? - help, Shift-Dir - straight line, f/p - dart slug
Aim: a dart slug (severely wounded, 100% to hit)
The zap hits the dart slug.
You kill the dart slug!
You see here a dart slug corpse.
A gnoll comes into view. It is wielding a +0 spear.
Casting: Shock (safe; 2% risk of failure)
Confirm with . or Enter, or press ? or * to list all spells.
Aiming: Shock (safe; 2% risk of failure)
Press: ? - help, Shift-Dir - straight line, f - gnoll
Aim: a gnoll, wielding a +0 spear (asleep, 100% to hit)
The zap hits the gnoll.
The gnoll is heavily wounded.
The gnoll shouts!
You hear a shout! x3
Unknown command.
Unknown command.
Unknown command.
Unknown command.
Casting: Shock (safe; 2% risk of failure)
Confirm with . or Enter, or press ? or * to list all spells.
Aiming: Shock (safe; 2% risk of failure)
Press: ? - help, Shift-Dir - straight line, f/p - gnoll
Aim: a gnoll, wielding a +0 spear (heavily wounded, 75% to hit)
The zap hits the gnoll.
The gnoll is severely wounded.
The zap hits the gnoll.
The gnoll is almost dead.
A gnoll comes into view. It is wielding a +0 club.
The gnoll hits you from afar with a +0 spear.
A gnoll comes into view. It is wielding a +0 club.
You see here a scroll labelled MUCHISHE VILLYICS.
b - 3 scrolls labelled MUCHISHE VILLYICS (gained 1)
An orc comes into view. It is wielding a +0 war axe.
The gnoll hits you from afar with a +0 spear.
Casting: Shock (safe; 2% risk of failure)
Confirm with . or Enter, or press ? or * to list all spells.
Aiming: Shock (safe; 2% risk of failure)
Press: ? - help, Shift-Dir - straight line, f - orc, p - gnoll
Aim: an orc, wielding a +0 war axe (71% to hit)
The zap hits the gnoll.
The gnoll is moderately wounded.
The zap misses the orc.
The gnoll barely misses you.
Casting: Shock (safe; 2% risk of failure)
Confirm with . or Enter, or press ? or * to list all spells.
Aiming: Shock (safe; 2% risk of failure)
Press: ? - help, Shift-Dir - straight line, f - gnoll, p - orc
Aim: a gnoll, wielding a +0 club (75% to hit)
The zap hits the gnoll.
The gnoll is severely wounded.
The zap hits the gnoll.
The gnoll is moderately wounded.
The gnoll hits you from afar with a +0 spear!
* * * LOW HITPOINT WARNING * * *
A kobold comes into view. It is wielding a +0 whip.
Casting: Shock (safe; 2% risk of failure)
Confirm with . or Enter, or press ? or * to list all spells.
The spell is quite dangerous to miscast (9% risk of failure)!
Continue anyway?
Okay, then.
Casting: Kindle Blastsparks (quite dangerous; 9% risk of failure)
Confirm with . or Enter, or press ? or * to list all spells.
The spell is quite dangerous to miscast (9% risk of failure)!
Continue anyway?
Aiming: Inner Flame (quite dangerous; 9% risk of failure)
Press: ? - help, Dir - move target, f/p - gnoll
Aim: a gnoll, wielding a +0 club (moderately wounded, chance to affect: 80%)
Okay, then.
Casting: Inner Flame (quite dangerous; 9% risk of failure)
Confirm with . or Enter, or press ? or * to list all spells.
The spell is extremely dangerous to miscast (26% risk of failure)!
Continue anyway?
Okay, then.
Casting: Flame Wave (extremely dangerous; 26% risk of failure)
Confirm with . or Enter, or press ? or * to list all spells.
The spell is extremely dangerous to miscast (26% risk of failure)!
Continue anyway?
Casting: Flame Wave (extremely dangerous; 26% risk of failure)
Press: ? - help, Dir - look around, f - activate A wave of flame ripples out!
The flame wave engulfs the gnoll.
You kill the gnoll!
The flame wave engulfs the orc!
You kill the orc! (Press . to intensify the flame waves.)
* * * LOW HITPOINT WARNING * * *
The gnoll hits you from afar with a +0 spear!
You die...

#+# ## #.# .
#.# .# ##
#####.##.#..
......K..#
#.))g...#
#@.g# ##.##
#.# #.# #.#
#.# #.# #.#
#### #.#


You could see 2 gnolls and a kobold.

Vanquished Creatures
  3 adders
  A gnoll (D:3)
  A worm (D:2)
  4 dart slugs
  An orc (D:3)
  5 ball pythons
  10 bats
  5 endoplasms
  6 goblins
  11 hobgoblins
  A jackal (D:2)
  A quokka (D:1)
  A frilled lizard (D:2)
  5 kobolds
55 creatures vanquished.

Vanquished Creatures (others)
  46 foxfires
46 creatures vanquished.

Grand Total: 101 creatures vanquished

Notes
Turn   | Place    | Note
-------+----------+-------------------------------------------
     0 | D:1      | RascalDebosk the Djinni Fire Elementalist began the quest
                  | for the Orb.
     0 | D:1      | RascalDebosk set off with the following spells memorised:
                  | Foxfire, Scorch, Kindle Blastsparks, Inner Flame, Flame
                  | Wave.
     0 | D:1      | Reached XP level 1. HP: 15/15 MP: 0/0
   100 | D:1      | Reached XP level 2. HP: 18/21 MP: 0/0
   132 | D:1      | Reached skill level 3 in Spellcasting
   287 | D:1      | Reached XP level 3. HP: 23/25 MP: 0/0
   287 | D:1      | Learned a level 1 spell: Shock
  1146 | D:2      | Reached XP level 4. HP: 28/31 MP: 0/0
  2119 | D:3      | Reached skill level 4 in Spellcasting
  2376 | D:3      | Slain by a gnoll

Illustrated notes

Levels and vault maps discovered:
D:1:      lemuel_arrival_cross, layout_loops_ring
D:2:      layout_basic, minmay_tall_x
D:3:      layout_loops_corners, mainiacjoe_overflow_alcove_2

Skill      XL: |  1  2  3  4 |
---------------+-------------+-----
Spellcasting   | 3 4 |  4.1
Dodging        | |  2.1
Stealth        | |  1.5

Action                   |  1- 3 |  4- 6 || total
-------------------------+-------+-------++-------
Melee: Dagger            |     2 |       ||     2
 Cast: Foxfire           |    29 |       ||    29
       Scorch            |     6 |     8 ||    14
       Shock             |    20 |    31 ||    51
       Inner Flame       |       |     1 ||     1
       Flame Wave        |       |     1 ||     1
Armor: Robe              |     7 |     1 ||     8
Dodge: Dodged            |     9 |     4 ||    13

Table legend: (Time is in decaauts)
 A = Elapsed time spent in this place.
 B = Non-inter-level travel time spent in this place.
 C = Inter-level travel time spent in this place.
 D = Time resting spent in this place.
 E = Time spent auto-exploring this place.
 F = Levels seen in this place.
 G = Mean time per level.
                   A        B        C        D        E       F      G
               +--------+--------+--------+--------+--------+-----+--------+
         Total |   2374 |   2301 |     73 |     47 |   1858 |   3 |  791.3 |
       Dungeon |   2374 |   2301 |     73 |     47 |   1858 |   3 |  791.3 |
               +--------+--------+--------+--------+--------+-----+--------+

Top non-repeatable levels by time:
     D:2: 1176 daAuts
     D:1: 853 daAuts
     D:3: 344 daAuts
